 Dungeon Sprint DCSS version 0.20-a0-522-g0b37eee (console) character file.

1111 sorlin the Martial Artist (level 8, -8/61 HPs)
             Began as an Octopode Transmuter on Jan 26, 2017.
             Was a Priest of Cheibriados.
             Mangled by a two-headed ogre
             ... wielding a +0 giant club
              (11 damage)
             ... in the Dungeon (Sprint IX: "|||||||||||||||||||||||||||||").
             The game lasted 00:02:55 (592 turns).

sorlin the Martial Artist (Octopode Transmuter)      Turns: 592, Time: 00:02:56

Health: -8/61      AC:  2    Str: 17    XL:     8   Next: 33%
Magic:  8/11       EV: 30    Int: 32    God:    Cheibriados [***...]
Gold:   0          SH:  0    Dex: 25    Spells: 7/11 levels left

rFire    . . .     SeeInvis .     - Unarmed
rCold    . . .     Gourm    .   (shield currently unavailable)
rNeg     . . .     Faith    .   (helmet currently unavailable)
rPois    x         Spirit   .   (no amulet)
rElec    .         Reflect  .   n - +3 ring of intelligence
rCorr    .         Harm     .   o - +3 ring of intelligence
MR       .....     NoTele   +   (no ring)
Stlth    ++........             (no ring)
Regen    0.2/turn               (no ring)
                                (no ring)
                                (no ring)
                                (no ring)

@: spider-form, very slightly contaminated, very slow
A: almost no armour, stealthy swim, (amphibious), 8 rings, (constrict 8),
(camouflage 0), (gelatinous body 0)
a: End Transformation, Bend Time, Temporal Distortion, Renounce Religion


You were in the Dungeon.
You worshipped Cheibriados.
Cheibriados was most pleased with you.
You were not hungry.
You were a venomous arachnid creature.
You visited 1 branch


Innate Abilities, Weirdness & Mutations

You cannot wear most types of armour.
You are very stealthy in the water. (Stealth+)
((You are amphibious.))
You can wear up to eight rings at the same time.
((You can use your tentacles to constrict eight enemies at once.))
((Your skin changes colour to match your surroundings (Stealth+).))
((Your rubbery body absorbs attacks. (AC +1, EV +1)))


   Skills:
 + Level 7.9 Fighting
 + Level 8.1 Dodging
 * Level 11.4 Unarmed Combat
 - Level 2.0 Spellcasting
 + Level 8.1 Transmutations
 + Level 3.4 Invocations


You had 7 spell levels left.
You knew the following spells:

 Your Spells              Type           Power        Failure   Level  Hunger
a - Beastly Appendage     Tmut           ######       2%          1    None
q - Spider Form           Tmut/Pois      ####......   14%         3    ###....

Inventory:

Hand Weapons
 m - a +0 lajatang
Missiles
 a - 28 arrows
Jewellery
 n - a +3 ring of intelligence (left front leg)
 o - a +3 ring of intelligence (right front leg)
Wands
 l - a wand of iceblast (7/15)
Scrolls
 i - a scroll of blinking
 k - 3 scrolls of remove curse
Potions
 d - 5 potions of curing
 f - a potion of haste {!q}
 g - 4 potions of magic {!q}
Books
 b - a book of Changes

   Spells                             Type                      Level
   a - Beastly Appendage              Transmutation                1
   b - Sticks to Snakes               Transmutation                2
   c - Spider Form                    Transmutation/Poison         3
   d - Ice Form                       Ice/Transmutation            4
   e - Blade Hands                    Transmutation                5
Comestibles
 c - a bread ration {!e}
 h - 2 chunks of flesh


Message History

You bite the big kobold!
The big kobold looks as sick as possible!
The big kobold is severely wounded.
The big kobold hits you.
You take 1 damage.
You bite the big kobold!
You kill the big kobold!
Cheibriados appreciates the change of pace.
Cheibriados raises the support of your attributes as your movement slows.
You hit the two-headed ogre.
The two-headed ogre is lightly wounded.
You hit the two-headed ogre but do no damage.
The two-headed ogre is poisoned.
The two-headed ogre is lightly wounded.
Your transformation has ended.
The two-headed ogre hits you with a giant club!!
Ouch! That really hurt!
* * * LOW HITPOINT WARNING * * *
The two-headed ogre misses you.
You take 30 damage.
There is an open door here.
The two-headed ogre misses you. The two-headed ogre barely misses you.
The two-headed ogre hits you with a giant club.
* * * LOW HITPOINT WARNING * * *
The two-headed ogre barely misses you.
You take 1 damage.
The two-headed ogre hits you with a giant club!!
* * * LOW HITPOINT WARNING * * *
The two-headed ogre barely misses you.
You take 18 damage.
Okay, then.
Unknown command.
Blink to where?
You are very lightly contaminated with residual magic.
As you read the scroll of blinking, it crumbles to dust.
Here: a two-headed ogre, wielding a giant club and a giant spiked club (moderately wounded, poisoned)
The floor, spattered with blood.
Unknown command.
Items here: ))))) a +2 scimitar of flaming; a +2 halberd of chopping; a +2 morningstar of protection a +1 broad axe of flaming; a +2 rapier of venom You see here an uncursed staff of energy.
You see here 2 scrolls of amnesia.
There is an open door here.
You turn into a venomous arachnid creature.
You maul the two-headed ogre!!
The two-headed ogre is poisoned.
The two-headed ogre is severely wounded.
The two-headed ogre misses you.
The two-headed ogre hits you with a giant spiked club!
You die... █.█ █.█ █[█ █[█ █(█ █)█ █|█ █?█ █.█ █O█ █s█

█_█
█_█
█_█
█_█
█_█
█_█
█_█
█_█
█_█
█_█


You could see a two-headed ogre.

Vanquished Creatures
  A hippogriff (D)
  A sky beast (D)
  A centaur (D)
  A big kobold (D)
  A howler monkey (D)
  A hound (D)
  2 jellies (D)
  2 worker ants (D)
  3 orcs (D)
  A ball python (D)
  A giant cockroach (D)
  A bat (D)
  A goblin (D)
  2 rats (D)
19 creatures vanquished.

Vanquished Creatures (others)
  A two-headed ogre (D)
  An iguana (D)
2 creatures vanquished.

Grand Total: 21 creatures vanquished

Notes
Turn   | Place    | Note
-------+----------+-------------------------------------------
     0 | D        | sorlin the Octopode Transmuter began the quest for the Orb.
     0 | D        | Reached XP level 1. HP: 13/13 MP: 3/3
   203 | D        | Noticed a sky beast
   203 | D        | Noticed a jelly
   203 | D        | Noticed a jelly
   205 | D        | Killed a jelly
   205 | D        | Reached skill level 2 in Fighting
   205 | D        | Reached skill level 3 in Dodging
   205 | D        | Reached skill level 5 in Unarmed Combat
   205 | D        | Reached skill level 3 in Transmutations
   205 | D        | Reached XP level 2. HP: 20/20 MP: 3/5
   205 | D        | Reached XP level 3. HP: 25/25 MP: 3/6
   212 | D        | Reached skill level 3 in Fighting
   212 | D        | Reached skill level 4 in Transmutations
   212 | D        | Reached XP level 4. HP: 31/31 MP: 3/7
   219 | D        | HP: 8/31 [something (3)]
   219 | D        | HP: 3/31 [something (5)]
   221 | D        | Killed a sky beast
   221 | D        | Reached skill level 4 in Fighting
   221 | D        | Reached skill level 5 in Dodging
   221 | D        | Reached skill level 7 in Unarmed Combat
   221 | D        | Reached skill level 5 in Transmutations
   221 | D        | Reached XP level 5. HP: 26/38 MP: 4/8
   312 | D        | Learned a level 3 spell: Spider Form
   312 | D        | Found a roughly hewn altar of Beogh.
   312 | D        | Found a snail-covered altar of Cheibriados.
   312 | D        | Found a shadowy altar of Dithmenos.
   312 | D        | Found a white marble altar of Elyvilon.
   312 | D        | Found a blossoming altar of Fedhas.
   312 | D        | Found an opulent altar of Gozag.
   313 | D        | Found a hazy altar of Hepliaklqana.
   314 | D        | Found a viscous altar of Jiyva.
   315 | D        | Found an ancient bone altar of Kikubaaqudgha.
   316 | D        | Became a worshipper of Cheibriados the Contemplative
   317 | D        | Found a corrupted altar of Lugonu.
   318 | D        | Found a burning altar of Makhleb.
   319 | D        | Found a sparkling altar of Nemelex Xobeh.
   320 | D        | Found an iron altar of Okawaru.
   321 | D        | Found a stormy altar of Qazlal.
   322 | D        | Found a sacrificial altar of Ru.
   323 | D        | Found a deep blue altar of Sif Muna.
   324 | D        | Found a bloodstained altar of Trog.
   325 | D        | Found a hide-covered altar of Uskayaw.
   326 | D        | Found a radiant altar of Vehumet.
   327 | D        | Found a shimmering altar of Xom.
   328 | D        | Found a basalt altar of Yredelemnul.
   329 | D        | Found a glowing silver altar of Zin.
   330 | D        | Found a glowing golden altar of the Shining One.
   359 | D        | Noticed a centaur
   359 | D        | Noticed a two-headed ogre
   363 | D        | HP: 3/38 [two-headed ogre/giant club (12)]
   367 | D        | Killed a two-headed ogre
   367 | D        | Reached skill level 7 in Fighting
   367 | D        | Reached skill level 7 in Dodging
   367 | D        | Reached skill level 10 in Unarmed Combat
   367 | D        | Reached skill level 7 in Transmutations
   367 | D        | Reached XP level 6. HP: 27/49 MP: 6/9
   367 | D        | Reached XP level 7. HP: 30/54 MP: 6/10
   371 | D        | Reached * piety under Cheibriados
   371 | D        | Reached skill level 1 in Invocations
   378 | D        | Reached ** piety under Cheibriados
   378 | D        | Reached skill level 11 in Unarmed Combat
   378 | D        | Reached skill level 2 in Invocations
   554 | D        | Noticed a two-headed ogre
   554 | D        | Noticed a hippogriff
   562 | D        | Killed a hippogriff
   562 | D        | Reached skill level 8 in Transmutations
   562 | D        | Reached XP level 8. HP: 50/61 MP: 8/11
   566 | D        | Reached *** piety under Cheibriados
   566 | D        | Reached skill level 8 in Dodging
   566 | D        | Reached skill level 3 in Invocations
   582 | D        | HP: 1/61 [two-headed ogre/giant club (19)]
   592 | D        | Mangled by a two-headed ogre

Vault maps used:
D:        linesprint

Action                   |  1- 3 |  4- 6 |  7- 9 || total
-------------------------+-------+-------+-------++-------
Melee: Unarmed           |    16 |    13 |    31 ||    60
       Kick              |     4 |     2 |       ||     6
       Constrict         |     3 |       |       ||     3
       Tentacles         |     1 |     1 |       ||     2
 Cast: Beastly Appendage |     2 |       |       ||     2
       Spider Form       |       |     1 |     2 ||     3
  Use: Potion            |     1 |     4 |       ||     5
       Scroll            |       |       |     1 ||     1
 Stab: Invisible         |       |     1 |     3 ||     4
Armor: Skin              |     1 |       |       ||     1
Dodge: Dodged            |     7 |     8 |    32 ||    47
